 Dungeon Crawl Stone Soup version 0.30-a0-900-g23479c02f2 (webtiles) character file.

Game seed: 16104407136932199835

17571 Iniera the Cleaver (level 12, -10/64 HPs)
             Began as a Vine Stalker Fighter on Mar 19, 2023.
             Was a Priest of Qazlal.
             Mangled by Rupert
             ... wielding a +4 great sword of holy wrath
              (22 damage)
             ... on level 12 of the Dungeon.
             The game lasted 00:21:42 (8376 turns).

Iniera the Cleaver (Vine Stalker Fighter)           Turns: 8376, Time: 00:21:43

Health: -10/64     AC: 22    Str: 24    XL:     12   Next: 49%
Magic:  0/26       EV:  8    Int:  8    God:    Qazlal [***...]
Gold:   766        SH:  4    Dex: 14    Spells: 11/11 levels left

rFire   . . .      SeeInvis .    N - +0 battleaxe
rCold   + . .      Faith    .    (shield currently unavailable)
rNeg    . . .      Spirit   +    O - +0 chain mail {rC+}
rPois   +          Reflect  .    j - +2 helmet
rElec   .          Rampage  .    (no cloak)
rCorr   +                        o - +2 pair of gloves {hurl}
Will    +....                    w - +2 pair of boots Stlth
                                 I - amulet "Xiredd" {Regen+ rCorr}
HPRegen 1.90/turn                K - ring of magical power
MPRegen 0.20/turn                l - ring of poison resistance

@: brilliant
A: fangs 3, regeneration 1, magic shield, antimagic bite, no potion heal 2
a: Renounce Religion, Upheaval, Elemental Force


You were on level 12 of the Dungeon.
You worshipped Qazlal.
Qazlal was most pleased with you.
You visited 2 branches of the dungeon, and saw 13 of its levels.

You collected 848 gold pieces.
You spent 82 gold pieces at shops.

Inventory:

Hand Weapons
 b - a +1 scimitar of flaming
 N - a +0 battleaxe (weapon)
Missiles
 v - 7 curare-tipped darts (quivered)
Armour
 j - a +2 helmet (worn)
 o - a +2 pair of gloves of hurling (worn)
 w - a +2 pair of boots (worn)
 O - a +0 chain mail of cold resistance (worn)
Jewellery
 f - a ring of protection from cold
 l - a ring of poison resistance (right hand)
 H - a ring of willpower
 I - the amulet "Xiredd" (around neck) {Regen+ rCorr}
   (You acquired it on level 10 of the Dungeon)

   [amulet of regeneration]

   Regen:     It increases your rate of health regeneration.
   rCorr:     It protects you from acid and corrosion.
 K - a ring of magical power (left hand)
Wands
 y - a wand of polymorph (9)
 B - a wand of light (11)
 D - a wand of paralysis (1)
 J - a wand of digging (8)
Scrolls
 h - 14 scrolls of teleportation
 n - 4 scrolls of amnesia
 s - 3 scrolls of immolation
 x - a scroll of poison
 A - 3 scrolls of magic mapping
 L - a scroll of fear
Potions
 d - 5 potions of might
 g - a potion of ambrosia {unknown}
 k - 2 potions of lignification
 p - 7 potions of curing
 q - 3 potions of brilliance
 t - 2 potions of berserk rage {unknown}
 u - 2 potions of attraction {unknown}
 z - a potion of mutation {unknown}
 C - a potion of haste {unknown}
 E - a potion of flight {unknown}
 G - a potion of invisibility {unknown}


   Skills:
 + Level 8.1 Fighting
 * Level 13.7 Axes
 - Level 11.1 Armour
 - Level 2.6 Shields
 - Level 5.8 Invocations


You had 11 spell levels left.
You didn't know any spells.
Your spell library contained the following spells:

 Spells                   Type           Power      Damage    Failure   Level
 Apportation              Tloc           0%         N/A       91%         1
 Necrotise                Necr           0%         1d4       91%         1
 Slow                     Hex            0%         N/A       91%         1
 Summon Small Mammal      Summ           0%         N/A       91%         1
 Blink                    Tloc           0%         N/A       97%         2
 Lesser Beckoning         Tloc           0%         N/A       97%         2
 Momentum Strike          Conj/Tloc      0%         3d8       97%         2
 Passwall                 Tmut/Erth      0%         N/A       97%         2
 Confusing Touch          Hex            0%         N/A       100%        3
 Dazzling Flash           Conj/Hex       0%         N/A       100%        3
 Gell's Gravitas          Tloc           0%         N/A       100%        3
 Inner Flame              Hex/Fire       0%         N/A       100%        3
 Ozocubu's Armour         Ice            0%         N/A       100%        3
 Teleport Other           Tloc           0%         N/A       100%        3
 Vampiric Draining        Necr           0%         2d6       100%        3
 Animate Dead             Necr           0%         N/A       100%        4
 Flame Wave               Conj/Fire      0%         2d4       100%        4
 Iskenderun's Mystic Bla  Conj/Tloc      0%         2d3       100%        4
 Olgreb's Toxic Radiance  Pois           0%         N/A       100%        4
 Sticky Flame             Conj/Fire      0%         2d3       100%        4
 Alistair's Intoxication  Tmut/Pois      0%         N/A       100%        5
 Blade Hands              Tmut           0%         N/A       100%        5
 Dispersal                Tloc           0%         N/A       100%        6
 Starburst                Conj/Fire      0%         6d3       100%        6
 Haunt                    Necr/Summ      0%         N/A       100%        7
 Ozocubu's Refrigeration  Ice            0%         4d7       100%        7
 Storm Form               Tmut/Air       0%         N/A       100%        7
 Infestation              Necr           0%         N/A       100%        8
 Necromutation            Tmut/Necr      0%         N/A       100%        8


Dungeon Overview and Level Annotations

Branches:
Dungeon (12/15)            Temple (1/1) D:7            Lair (0/5) D:8
    Orc (0/2) D:10

Altars:
Ashenzari
Cheibriados
Dithmenos
Elyvilon
Fedhas
Gozag
Hepliaklqana
Kikubaaqudgha
Makhleb
Nemelex Xobeh
Okawaru
Qazlal
Ru
Sif Muna
Trog
Uskayaw
Vehumet
Wu Jian
Xom
Yredelemnul
Zin
The Shining One

Shops:
D:3 :?   D:6 (   D:12 (

Annotations:
D:10 3 runed translucent doors, Allyalt's ghost, journeyman DsBe; diodin's ghost, novice NaFE; domi's ghost, journeyman DsCj
D:12 Rupert


Innate Abilities, Weirdness & Mutations

You have razor-sharp teeth.
Your natural rate of healing is unusually fast.
When hurt, damage is shared between your health and your magic reserves.
Your bite disrupts and absorbs the magic of your enemies.
Potions cannot restore your health.


Message History

Unknown command.
Unknown command.
Unknown command.
Okay, then.
Okay, then.
The air fills with toxic fumes!
As you read the scroll of poison, it crumbles to dust.
Rupert hits you with a +4 great sword of holy wrath!
Blink to where?
Press: ? - help, Dir - move target
As you read the scroll of blinking, it crumbles to dust.
Rupert is engulfed in poison gas.
Rupert is poisoned.
Rupert is engulfed in poison gas.
Rupert looks even sicker.
Rupert is engulfed in poison gas.
Rupert looks even sicker.
Rupert rages.
Rupert is engulfed in poison gas.
Rupert looks as sick as possible!
Rupert is engulfed in poison gas.
Rupert looks as sick as possible!
You slice Rupert!! You bite Rupert, but do no damage.
Rupert is moderately wounded.
Rupert is engulfed in poison gas.
Rupert looks as sick as possible!
Rupert hits you with a +4 great sword of holy wrath!
Rupert is engulfed in poison gas.
Rupert looks as sick as possible!
Rupert closely misses you.
You slash Rupert! Your bite misses Rupert.
Rupert is moderately wounded.
Rupert is engulfed in poison gas.
Rupert looks as sick as possible!
Rupert hits you with a +4 great sword of holy wrath!!!
Rupert attacks as you move away!
Rupert hits you with a +4 great sword of holy wrath!
* * * LOW HITPOINT WARNING * * *
Rupert is engulfed in poison gas.
Rupert looks as sick as possible!
Rupert closely misses you.
Okay, then.
Okay, then.
You can't see any enemies this would affect, really read the scroll of fear?
Okay, then.
Okay, then.
You feel clever all of a sudden.
Rupert hits you with a +4 great sword of holy wrath!!
You die...

##############
#...§○§§§§...#
#...§§§§§§...# #
#...§§○§§○...# ###
#...§§○§○§@@.#
..####...☼☼☼§☼§...#
#....'...§§§☼§☼...#
######...○§§☼§§...#
# #######+#######
#.. #.#
###.#############
#...............#


You could see Rupert (berserk, extremely poisoned).

Vanquished Creatures
  Snorg (D:10)
  Erica (D:10)
  A boulder beetle (D:12)
  The ghost of Bediveer the Markself, a novice DEHu of Okawaru (D:8)
  Amaemon (D:8)
  An orc knight (D:11)
  An ugly thing (D:12)
  A cyclops (D:12)
  An orange demon (D:8)
  3 unseen horrors
  A kobold demonologist (D:10)
  Psyche (D:8)
  3 trolls
  Grinder (D:6)
  A hornet (D:10)
  6 slime creatures (D:12)
  Sigmund (D:4)
  A wyvern (D:9)
  A basilisk (D:12)
  2 wraiths
  A steam dragon (D:7)
  10 yaks
  4 vampire mosquitoes (D:11)
  4 wargs (D:10)
  2 acid dragons
  Duvessa (D:5)
  2 sky beasts
  8 orc warriors
  An ice beast (D:5)
  2 wolves (D:8)
  13 centaurs
  Blork the orc (D:5)
  A phantom (D:6)
  2 kobold brigands
  4 bullfrogs
  4 scorpions
  2 necrophages (D:4)
  9 wights
  Dowan (D:5)
  26 killer bees
  4 electric eels (D:8)
  A lava snake (D:10)
  2 quasits (D:8)
  A centaur zombie (D:4)
  8 hounds
  A human zombie (D:4)
  4 orc priests
  3 jellies
  4 iguanas
  2 sleepcaps
  Ijyb (D:5)
  22 orc wizards
  2 hound zombies (D:4)
  2 mummies (D:4)
  7 adders
  A shadow imp (D:6)
  A white imp (D:6)
  5 worms
  A dart slug (D:1)
  30 orcs
  5 bats
  6 endoplasms
  4 giant cockroaches
  7 hobgoblins
  8 jackals
  16 kobolds
  4 quokkas
  5 ball pythons
  5 frilled lizards
  8 goblins
  4 rats
  2 bushes (D:4)
304 creatures vanquished.

Vanquished Creatures (others)
  A wizard (D:9)
  An orc wizard (D:8)
  3 plants
5 creatures vanquished.

Grand Total: 309 creatures vanquished

Notes
Turn   | Place    | Note
-------+----------+-------------------------------------------
     0 | D:1      | Iniera the Vine Stalker Fighter began the quest for the
                  | Orb.
     0 | D:1      | Reached XP level 1. HP: 11/11 MP: 2/2
    30 | D:1      | Reached skill level 2 in Axes
   101 | D:1      | Reached XP level 2. HP: 16/16 MP: 1/3
   406 | D:1      | Reached skill level 3 in Axes
   470 | D:1      | Reached XP level 3. HP: 19/19 MP: 4/4
   994 | D:2      | Found a faded altar of an unknown god.
  1179 | D:2      | Gained mutation: Your natural rate of healing is unusually
                  | fast. [Vine Stalker growth]
  1179 | D:2      | Reached XP level 4. HP: 22/23 MP: 5/5
  1476 | D:3      | Found Nierph's General Store.
  1520 | D:3      | Reached skill level 4 in Axes
  1717 | D:3      | Found Roedatiu's Magic Scroll Shoppe.
  1720 | D:3      | Bought a scroll of enchant armour for 82 gold pieces
  1862 | D:3      | Reached XP level 5. HP: 27/27 MP: 6/6
  1972 | D:3      | Found Sobriec's Book Shoppe.
  2144 | D:4      | Noticed a kobold brigand
  2158 | D:4      | Reached skill level 5 in Axes
  2163 | D:4      | Killed a kobold brigand
  2164 | D:4      | Reached XP level 6. HP: 32/32 MP: 7/7
  2356 | D:4      | Reached XP level 7. HP: 37/37 MP: 8/8
  2356 | D:4      | Found an ancient bone altar of Kikubaaqudgha.
  2371 | D:4      | Reached skill level 6 in Axes
  3051 | D:5      | Entered Level 5 of the Dungeon
  3051 | D:5      | Noticed Sigmund
  3061 | D:4      | Killed Sigmund
  3062 | D:4      | Reached skill level 7 in Axes
  3062 | D:4      | Gained mutation: You have razor-sharp teeth. [Vine Stalker
                  | growth]
  3062 | D:4      | Reached XP level 8. HP: 42/42 MP: 9/9
  3088 | D:5      | Noticed Blork the orc
  3100 | D:5      | Killed Blork the orc
  3101 | D:5      | Noticed Ijyb
  3103 | D:5      | Reached skill level 5 in Armour
  3133 | D:5      | Reached skill level 5 in Fighting
  3142 | D:5      | Killed Ijyb
  3198 | D:5      | Found a stormy altar of Qazlal.
  3210 | D:5      | Became a worshipper of Qazlal Stormbringer
  3313 | D:5      | Found a shimmering blue altar of Sif Muna.
  3314 | D:5      | Noticed Duvessa
  3315 | D:5      | Noticed Dowan
  3325 | D:5      | Killed Duvessa
  3329 | D:5      | Killed Dowan
  3330 | D:5      | Reached skill level 8 in Axes
  3667 | D:6      | Found Yrax's Antique Weapon Emporium.
  3750 | D:6      | Reached XP level 9. HP: 47/47 MP: 10/10
  3750 | D:6      | Noticed Grinder
  3758 | D:6      | Killed Grinder
  3775 | D:6      | Identified the +6 leather armour "Ranom" {Drain Str+8 Dex+3
                  | Stlth-}
  4059 | D:7      | Identified the +2 robe of Limitation {Regen+ Str+4 Dex-3
                  | Slay+3}
  4071 | D:7      | Found a staircase to the Ecumenical Temple.
  4092 | Temple   | Entered the Ecumenical Temple
  4254 | D:7      | Found a sparkling altar of Nemelex Xobeh.
  4257 | D:7      | Found a broken altar of Ashenzari.
  4352 | D:7      | Reached * piety under Qazlal
  4359 | D:7      | Reached skill level 1 in Invocations
  4432 | D:7      | Reached skill level 9 in Axes
  4448 | D:7      | Found a glowing golden altar of the Shining One.
  4448 | D:7      | Found a sacrificial altar of Ru.
  4702 | D:8      | Got the Excursus on Filth and Transformation
  4721 | D:8      | Found a glowing silver altar of Zin.
  4766 | D:8      | Reached XP level 10. HP: 50/53 MP: 6/13
  4828 | D:8      | Reached ** piety under Qazlal
  4865 | D:8      | Reached skill level 10 in Axes
  4913 | D:8      | Found a staircase to the Lair.
  4976 | D:8      | Found a transporter.
  4977 | D:8      | Noticed Bediveer's ghost (novice DEHu)
  5191 | D:8      | Found a transporter.
  5241 | D:8      | Killed an unseen horror
  5265 | D:8      | Killed Bediveer's ghost
  5355 | D:8      | Got the Vellum of the Charnel House and the Bane
  5437 | D:8      | Noticed Amaemon
  5440 | D:8      | Noticed an orange demon
  5440 | D:8      | Noticed Psyche
  5446 | D:8      | Killed Amaemon
  5447 | D:8      | Reached skill level 11 in Axes
  5447 | D:8      | Reached skill level 5 in Invocations
  5453 | D:8      | Paralysed by something for 5 turns
  5462 | D:8      | Killed an orange demon
  5474 | D:8      | Paralysed by Psyche for 3 turns
  5478 | D:8      | Killed Psyche
  5618 | D:9      | Reached XP level 11. HP: 51/56 MP: 13/16
  5643 | D:9      | Reached *** piety under Qazlal
  5776 | D:9      | Found a bloodstained altar of Trog.
  6304 | D:9      | Noticed a wizard
  6306 | D:9      | Killed a wizard
  6375 | D:10     | Entered Level 10 of the Dungeon
  6389 | D:10     | Found a radiant altar of Vehumet.
  6469 | D:10     | Reached skill level 10 in Armour
  6480 | D:10     | Found a staircase to the Orcish Mines.
  6494 | D:10     | Found a runed translucent gate.
  6494 | D:10     | Found a runed translucent gate.
  6494 | D:10     | Found a runed translucent gate.
  6500 | D:10     | Noticed domi's ghost (journeyman DsCj)
  6500 | D:10     | Noticed Allyalt's ghost (journeyman DsBe)
  6500 | D:10     | Noticed diodin's ghost (novice NaFE)
  6572 | D:10     | Reached skill level 12 in Axes
  6586 | D:10     | Noticed Snorg
  6593 | D:10     | Noticed Erica
  6596 | D:10     | Killed Snorg
  6605 | D:10     | Killed Erica
  6704 | D:10     | Reached **** piety under Qazlal
  6823 | D:10     | Identified a scroll of acquirement
  6823 | D:10     | Acquired the amulet "Xiredd" {Regen+ rCorr}
  7358 | D:11     | Found a blossoming altar of Fedhas.
  7416 | D:11     | Noticed an orc knight
  7438 | D:11     | Reached XP level 12. HP: 53/63 MP: 14/17
  7550 | D:11     | Reached skill level 13 in Axes
  8209 | D:12     | Found Aloor's Weapon Shoppe.
  8290 | D:12     | Noticed a boulder beetle
  8304 | D:12     | Killed a boulder beetle
  8361 | D:12     | Noticed Rupert
  8363 | D:12     | Paralysed by Rupert for 5 turns
  8376 | D:12     | Mangled by Rupert

Illustrated notes

Levels and vault maps discovered:
D:1:      dpeg_arrival_water_temple_mockup, layout_basic
D:2:      layout_basic, dreamdust_ecumenical_altar_statues,
          minmay_misc_feat_nine_boxes, nicolae_wormholes
D:3:      layout_basic, serial_shops, shop_statue, nicolae_square_shop, shop,
          nicolae_half_adder
D:4:      layout_basic, lemuel_mausoleum_altar_kikubaaqudgha, serial_forest,
          infiniplex_forest_end_2, infiniplex_forest_lined_3_way,
          infiniplex_forest_clump_small, infiniplex_forest_zigzag_1,
          infiniplex_forest_end_double, infiniplex_forest_straight_2,
          infiniplex_forest_lined_room_2, infiniplex_forest_lined_1,
          minmay_manual_moon
D:5:      layout_rooms, kennysheep_mini, mainiacjoe_overflow_catwalk,
          uniq_duvessa, uniq_sigmund, uniq_ijyb, uniq_blork_the_orc
D:6:      layout_cave_pools, serial_shops,
          nicolae_shop_temple_entry_statues_fountains, minmay_crystal_water,
          uniq_grinder
D:7:      minmay_flawed_box, layout_rooms, grunt_temple_overflow_open,
          chequers_temple_overflow_statue_of_worship,
          minmay_temple_entry_gardened_gates
D:8:      layout_basic, zin_statuary, erik_lair_island,
          gammafunk_ghost_stat_death, uniq_psyche, uniq_amaemon
D:9:      layout_long_grid, trog_wizard
D:10:     layout_rooms, vehumet_crystals, minmay_orc_entry_guard_dogs,
          gammafunk_ghost_cemetery, kennysheep_generic_room_3, uniq_erica,
          uniq_snorg
D:11:     layout_basic, minmay_misc_feat_roman, fedhas_altar_4
D:12:     layout_roguey, serial_shops, nicolae_shop_bloodbath_and_beyond,
          uniq_rupert
Temple:   nicolae_temple_godzebo

Skill      XL: |  1  2  3  4  5  6  7  8  9 10 11 12 |
---------------+-------------------------------------+-----
Axes           | 2 3 4 5 7 8 9 11 12 13 | 13.7
Fighting       | 3 4 5 7 8 |  8.1
Armour         | 3 4 6 7 9 11 | 11.1
Invocations    | 3 5 |  5.8
Shields        | |  2.6

Action                     |  1- 3 |  4- 6 |  7- 9 | 10-12 || total
---------------------------+-------+-------+-------+-------++-------
  Melee: War axe           |   103 |   125 |   355 |   450 ||  1033
         Bite              |    21 |    36 |   133 |   157 ||   347
         Battleaxe         |       |       |       |    75 ||    75
 Invoke: Upheaval          |       |       |       |     2 ||     2
  Evoke: Wand              |       |       |       |     1 ||     1
    Use: Scroll            |     4 |     4 |     6 |     9 ||    23
         Potion            |       |       |       |     1 ||     1
   Stab: Invisible         |       |       |       |     1 ||     1
 Armour: Scale mail        |    39 |    47 |   159 |   157 ||   402
         Plate armour      |       |       |       |   218 ||   218
         Chain mail        |       |       |       |    46 ||    46
  Dodge: Dodged            |   103 |    66 |   212 |   397 ||   778
         Repelled          |       |       |       |     1 ||     1
  Block: Buckler           |    26 |    36 |    62 |   248 ||   372
         Other             |       |       |       |    16 ||    16

Table legend: (Time is in decaauts)
 A = Elapsed time spent in this place.
 B = Non-inter-level travel time spent in this place.
 C = Inter-level travel time spent in this place.
 D = Time resting spent in this place.
 E = Time spent auto-exploring this place.
 F = Levels seen in this place.
 G = Mean time per level.
                   A        B        C        D        E       F      G
               +--------+--------+--------+--------+--------+-----+--------+
         Total |   8508 |   8209 |    299 |     40 |   5741 |  13 |  654.5 |
       Dungeon |   8394 |   8117 |    277 |     40 |   5660 |  12 |  699.5 |
        Temple |    113 |     91 |     22 |      0 |     81 |   1 |  113.0 |
               +--------+--------+--------+--------+--------+-----+--------+

Top non-repeatable levels by time:
     D:4: 991 daAuts
     D:1: 939 daAuts
     D:8: 934 daAuts
     D:9: 798 daAuts
    D:11: 773 daAuts
     D:3: 746 daAuts
    D:10: 739 daAuts
     D:5: 530 daAuts
     D:2: 517 daAuts
     D:7: 485 daAuts
    D:12: 476 daAuts
     D:6: 460 daAuts
  Temple: 113 daAuts
